 Dungeon Crawl Stone Soup version 0.26.1-11-gd32895ea62 (webtiles) character file.

Game seed: 7204063436429086205

219 ubername the Digger (level 5, -4/45 HPs)
             Began as a Troll Earth Elementalist on May 2, 2021.
             Slain by Crazy Yiuf
             ... wielding a +2 quarterstaff of chaos
              (5 damage)
             ... on level 2 of the Dungeon.
             The game lasted 00:02:06 (1709 turns).

ubername the Digger (Troll Earth Elementalist)      Turns: 1709, Time: 00:02:07

Health: -4/45      AC:  6    Str: 16    XL:     5   Next: 63%
Magic:  2/6        EV: 10    Int: 12    God:
Gold:   61         SH:  0    Dex: 10    Spells: 6/7 levels left

rFire    . . .     SeeInvis .     - Unarmed
rCold    . . .     Faith    .   (no shield)
rNeg     . . .     Spirit   .   c - +0 robe
rPois    .         Reflect  .   (helmet restricted)
rElec    .         Harm     .   (no cloak)
rCorr    .         Rampage  .   (gloves unavailable)
Will     .....                  (boots unavailable)
Stlth    ++........             (no amulet)
HPRegen  0.55/turn              (no ring)
MPRegen  0.10/turn              (no ring)

@: lethally poisoned (-4 -> -5)
A: large, unfitting armour, claws 3, regeneration 1, shaggy fur 1, tough skin 3
a: no special abilities


You were on level 2 of the Dungeon.
You visited 1 branch of the dungeon, and saw 2 of its levels.

You collected 61 gold pieces.

Inventory:

Hand Weapons
 h - a +2 hunting sling of flaming
Missiles
 b - 113 stones
Armour
 c - a +0 robe (worn)
Jewellery
 j - a cursed ring of attention {unknown}
Scrolls
 d - a scroll of noise {unknown}
 e - a scroll of identify {unknown}
 g - a scroll of fear {unknown}
 i - 2 scrolls of teleportation {unknown}
 k - a scroll of remove curse {unknown}
 n - a scroll of enchant armour {unknown}
Potions
 a - 4 potions of attraction {unknown}
 f - 2 potions of flight {unknown}
 l - 2 potions of curing
 m - a potion of degeneration {unknown}


   Skills:
 + Level 0.3 Fighting
 + Level 2.2 Dodging
 + Level 1.7 Stealth
 + Level 2.3 Unarmed Combat
 + Level 1.7 Spellcasting
 + Level 0.6 Transmutations
 + Level 3.9 Earth Magic


You had 6 spell levels left.
You knew the following spells:

 Your Spells              Type           Power        Failure   Level
a - Sandblast             Erth           20%          5%          1

Your spell library contained the following spells:

 Spells                   Type           Power        Failure   Level
 Passwall                 Tmut/Erth      5%           17%         2
 Stone Arrow              Conj/Erth      10%          36%         3
 Petrify                  Tmut/Erth      6%           73%         4
 Lee's Rapid Deconstruct  Erth           5%           83%         5


Dungeon Overview and Level Annotations

Branches:
Dungeon (2/15)

Altars:

Annotations:
D:2 Crazy Yiuf


Innate Abilities, Weirdness & Mutations

You are too large for most types of armour.
You have claws for hands.
Your natural rate of healing is unusually fast.
You are covered in fur. (AC +1)
You have extremely tough skin. (AC +3)


Message History

Crazy Yiuf is heavily wounded.
Crazy Yiuf hits you with a +2 quarterstaff of chaos.
* * * LOW HITPOINT WARNING * * *
You are lethally poisoned!
You closely miss Crazy Yiuf.
Crazy Yiuf is heavily wounded.
* * * LOW HITPOINT WARNING * * *
You feel sick.
Casting: Sandblast (safe; 5% risk of failure)
Confirm with . or Enter, or press ? or * to list all spells.
Aiming: Sandblast (safe; 5% risk of failure)
Press: ? - help, Shift-Dir - straight line, f/p - Crazy Yiuf
Aim: Crazy Yiuf, wielding a +2 quarterstaff of chaos and wearing a +0 cloak (heavily wounded, 18% to evade)
The blast of sand hits Crazy Yiuf.
Crazy Yiuf is severely wounded.
* * * LOW HITPOINT WARNING * * *
You feel sick.
Crazy Yiuf cries, "You leg down broken song, no?"
Crazy Yiuf hits you with a +2 quarterstaff of chaos.
You die...

##.###.###.#
#....#
..........##
♣.PPP♣
.#.###.###.#
♣.PP♣♣
.#.##...##.#
♣♣.♣♣
.#.#.....#.#
♣.♣♣
...##...#..#
♣♣.♣
.#####.##..#
♣.♣♣ .#
#.##..# ♣♣.♣
## #.##.##
#@# #.##..
#.g.# #.####
#...# #.#
#..)#
####.####
#####
#.......#
#..#.##.#
##....##.#
##..#..##.#


You could see Crazy Yiuf.

Vanquished Creatures
  Sigmund (D:2)
  Natasha (D:2)
  An ooze (D:2)
  2 dart slugs (D:1)
  3 bats
  4 goblins
  2 hobgoblins
  A ball python (D:1)
  3 frilled lizards
  4 kobolds (D:1)
  4 rats
26 creatures vanquished.

Notes
Turn   | Place    | Note
-------+----------+-------------------------------------------
     0 | D:1      | ubername the Troll Earth Elementalist began the quest for
                  | the Orb.
     0 | D:1      | Reached XP level 1. HP: 16/16 MP: 1/1
   150 | D:1      | Reached XP level 2. HP: 18/24 MP: 3/3
   178 | D:1      | Reached skill level 3 in Earth Magic
  1024 | D:2      | Noticed Sigmund
  1037 | D:2      | Killed Sigmund
  1038 | D:2      | Reached XP level 3. HP: 16/31 MP: 1/4
  1038 | D:2      | Reached XP level 4. HP: 20/39 MP: 1/5
  1038 | D:2      | Reached XP level 5. HP: 23/45 MP: 1/6
  1245 | D:2      | Found a faded altar of an unknown god.
  1581 | D:2      | Noticed Natasha
  1587 | D:2      | Killed Natasha
  1689 | D:2      | Found a runed translucent door.
  1690 | D:2      | Noticed Crazy Yiuf
  1705 | D:2      | HP: 2/45 [Crazy Yiuf/+2 quarterstaff of chaos (2)]
  1709 | D:2      | Slain by Crazy Yiuf

Illustrated notes

Levels and vault maps discovered:
D:1:      denvon_arrival_planthouse, layout_loops_ring, minmay_tetromino_l2
D:2:      layout_loops_corners, chequers_ecumenical_altar_twisty, nrook_uturn,
          uniq_crazy_yiuf_cottage, uniq_natasha, uniq_sigmund

Skill      XL: |  1  2 |
---------------+-------+-----
Earth Magic    | 3 |  3.9
Dodging        | 2 |  2.2
Unarmed Combat | 2 |  2.3
Fighting       | |  0.3
Stealth        | |  1.7
Spellcasting   | |  1.7
Transmutations | |  0.6

Action                   |  1- 3 |  4- 6 || total
-------------------------+-------+-------++-------
Melee: Unarmed           |    47 |    26 ||    73
 Cast: Sandblast         |     4 |     5 ||     9
 Stab: Sleeping          |     2 |     3 ||     5
Armor: Robe              |    14 |    11 ||    25
Dodge: Dodged            |    32 |    22 ||    54
